 Dungeon Crawl Stone Soup version 0.31-a0-486-g8d68a81214 (webtiles) character file.

Game seed: 15038037602154593109

4 Xavori the Trooper (level 1, -3/16 HPs)
             Began as an Octopode Chaos Knight on Aug 7, 2023.
             Was a Plaything of Xom.
             Slain by a hobgoblin (6 damage)
             ... on level 1 of the Dungeon.
             The game lasted 00:00:08 (78 turns).

Xavori the Trooper (Octopode Chaos Knight)            Turns: 78, Time: 00:00:09

Health: -3/16      AC:  1    Str: 11    XL:     1   Next: 70%
Magic:  1/1        EV: 13    Int: 14    God:    Xom [..*...]
Gold:   0          SH:  0    Dex: 11    Spells: 0/0 levels left

rFire   . . .        a - +0 short sword (chaos)
rCold   . . .        (no shield)
rNeg    . . .        (helmet restricted)
rPois   .            (no amulet)
rElec   .            (no ring)
rCorr   .            (no ring)
SInv    .            (no ring)
Will    .....        (no ring)
Stlth   ++           (no ring)
HPRegen 0.22/turn    (no ring)
MPRegen 0.07/turn    (no ring)
                     (no ring)

%: no passive effects
@: no status effects
A: almost no armour, amphibious, 8 rings, camouflage 1, gelatinous body 1,
(nimble swimmer 1), tentacles
a: Renounce Religion


You were on level 1 of the Dungeon.
You worshipped Xom.
You were a toy of Xom.
You visited 1 branch of the dungeon, and saw 1 of its levels.

Inventory:

Hand Weapons
 a - a +0 short sword of chaos (weapon)
Scrolls
 b - a scroll of butterflies
 c - a scroll of identify {unknown}
 d - a scroll of revelation {unknown}


   Skills:
 + Level 3.2 Fighting
 + Level 3.1 Short Blades
 + Level 2.3 Dodging


You couldn't memorise any spells.
You didn't know any spells.
Your spell library was empty.

Dungeon Overview and Level Annotations

Branches:
Dungeon (1/15)

Altars:


Innate Abilities, Weirdness & Mutations

You cannot wear most types of armour.
You are amphibious.
You can wear up to eight rings at the same time.
Your skin changes colour to match your surroundings (Stealth+).
Your rubbery body absorbs attacks. (AC +1, EV +1)
((You are camouflaged when in or above water. (Stealth+)))
You have tentacles for arms and can constrict up to eight enemies at once.


Message History

The hobgoblin shouts!
You hit the hobgoblin but do no damage. You grab the hobgoblin.
You constrict the hobgoblin.
You hear a shout!
The hobgoblin hits you.
There are monsters nearby!
You completely miss the hobgoblin.
The hobgoblin is moderately wounded.
You constrict the hobgoblin, but do no damage.
The bat closely misses you. The hobgoblin barely misses you.
The hobgoblin hits you.
Unknown command.
You are too injured to fight recklessly!
Unknown command.
You are too injured to fight recklessly!
You release your grip on the hobgoblin.
The bat closely misses you. The hobgoblin attacks as you move away!
The hobgoblin misses you. The bat misses you.
The hobgoblin attacks as you move away! The hobgoblin misses you.
The bat hits you but does no damage. The bat closely misses you.
The bat closely misses you. The bat closely misses you.
The bat barely misses you. The bat attacks as you move away!
The bat hits you but does no damage. The bat misses you.
You see here a giant cockroach corpse.
The bat closely misses you.
You are too injured to fight recklessly!
You hit the hobgoblin but do no damage. Your grab misses the hobgoblin.
The hobgoblin is moderately wounded.
You are too injured to fight recklessly!
You hit the hobgoblin but do no damage.
The hobgoblin goes berserk!
Your grab misses the hobgoblin.
The hobgoblin is moderately wounded.
The hobgoblin hits you.
* * * LOW HITPOINT WARNING * * *
The hobgoblin hits you.
You die...
Xom thinks this is hilarious!

#............≈.≈....
#.................≈.
#.......†.#...#...
#...........≈....#
#.K..K....#...#...
#br.............≈.
#g########.≈.≈....
#g# .......#.. ##@#
#.##.#....≈
######..# #.
#....#.. #......## #
...≈.... ####.######
........ ##....#
........ #...###
##....### ##.....###
.. ##......##..#


You could see a quokka, 2 hobgoblins, a bat and a kobold.

Vanquished Creatures
  A dart slug (D:1)
  A giant cockroach (D:1)
  A rat (D:1)
3 creatures vanquished.

Notes
Turn   | Place    | Note
-------+----------+-------------------------------------------
     0 | D:1      | Xavori the Octopode Chaos Knight began the quest for the
                  | Orb.
     0 | D:1      | Reached XP level 1. HP: 16/16 MP: 1/1
    78 | D:1      | Slain by a hobgoblin

Illustrated notes

Levels and vault maps discovered:
D:1:      lemuel_arrival_muddy, layout_basic, serial_forest,
          infiniplex_forest_end_2, infiniplex_forest_straight_4,
          infiniplex_forest_end_1, infiniplex_forest_lined_room_,
          infiniplex_forest_lined_2, infiniplex_forest_clump_tiny,
          infiniplex_forest_clump_small, nicolae_kite_square_tiling_tiny

Action                     || total
---------------------------++-------
  Melee: Short sword       ||     9
         Constrict         ||     2
         Tentacles         ||     1
   Stab: Sleeping          ||     1
 Armour: Skin              ||     3
  Dodge: Dodged            ||    14

Table legend: (Time is in decaauts)
 A = Elapsed time spent in this place.
 B = Non-inter-level travel time spent in this place.
 C = Inter-level travel time spent in this place.
 D = Time resting spent in this place.
 E = Time spent auto-exploring this place.
 F = Levels seen in this place.
 G = Mean time per level.
                   A        B        C        D        E       F      G
               +--------+--------+--------+--------+--------+-----+--------+
         Total |     76 |     76 |      0 |      0 |     37 |   1 |   76.0 |
       Dungeon |     76 |     76 |      0 |      0 |     37 |   1 |   76.0 |
               +--------+--------+--------+--------+--------+-----+--------+

Top non-repeatable levels by time:
     D:1: 76 daAuts
